cohdb
Replays
Latest Replays
All Replays
Popular Replays
Top Player Replays
Match Explorer
How It Works
Community
CoH3 Stats
Reddit
Sign in to upload your games and track your stats! →
Sign in with Steam
Match 41065742
Unlisted
Match 41065742
Overview
Messages
Build Orders
End
Royal Engineer Section
Construct Section Command Post
Selects Canadian Shock Battlegroup
Dingo Light Scout Car
Infantry Section
Selects Attacking Spirit
Selects Canadian Shock Section
Canadian Shock Section
Construct Platoon Command Post
Humber Armored Car
Humber Armored Car
Unlock Bishop Self-propelled Artillery
Selects Incendiary Munitions
Bishop Self-propelled Artillery
CMP 15cwt Truck
Grenade Package
Light Vehicle Training
Bishop Self-propelled Artillery
Selects Pyrotechnics
6-pounder Anti-tank Gun Team
MatioS
ashilrye
Zbirga
Dirkradix
Ming Empire
勇于撤退先遣兵
冥雨
罗德哈特
0
0
Comments
sign in to comment!
No comments posted yet!